 Dungeon Crawl Stone Soup version 0.25.0-8-gfd19cd77bd (webtiles) character file.

Game seed: 17384881172737707468

5563 Infinimo the Slicer (level 11, -16/71 HPs)
             Began as a Kobold Berserker on June 16, 2020.
             Was an Elder of Trog.
             Killed from afar by a wretched star (21 damage)
             ... with a lance of force
             ... on level 2 of the Abyss.
             The game lasted 00:14:27 (9660 turns).

Infinimo the Slicer (Kobold Berserker)              Turns: 9660, Time: 00:14:28

Health: -16/71     AC: 13    Str: 23    XL:     11   Next: 2%
Magic:  0/20       EV: 16    Int:  6    God:    Trog [****..]
Gold:   240        SH:  0    Dex: 17    Spells: 10/10 levels left

rFire    + + .     SeeInvis .   f - +7 dagger of the Visionary {flame, rF++ rC- Int+2 Dex+2}
rCold    x . .     Gourm    .   (shield restricted)
rNeg     . . .     Faith    .   s - +7 chain mail "Tofotop" {-Tele Regen+ MP+9 Str+3}
rPois    .         Spirit   +   i - +0 helmet
rElec    .         Reflect  .   r - +0 cloak
rCorr    .         Harm     .   (no gloves)
MR       .....     Rnd*Rage +   (no boots) Stlth ..........NoTele +
                                n - amulet of guardian spirit
HPRegen  0.61/turn              a - -4 ring of slaying (curse)
MPRegen  0.17/turn              q - +6 ring of strength

@: berserk cooldown, flying, slowed, very slow
A: small, [berserk 2], carnivore, [deformed body], [dopey 2], [screaming 2],
[weak 2]
a: Berserk, Trog's Hand, Brothers in Arms, Renounce Religion


You were on level 2 of the Abyss.
You worshipped Trog.
Trog was greatly pleased with you.
You were very full.

You visited 1 branch of the dungeon, and saw 8 of its levels.
You visited the Abyss 1 time.

You collected 436 gold pieces.
You spent 196 gold pieces at shops.

Inventory:

Hand Weapons
 f - the +7 dagger of the Visionary (weapon) {flame, rF++ rC- Int+2 Dex+2}
   (You found it on level 4 of the Dungeon)

   It has been specially enchanted to burn those struck by it, causing extra
   injury to most foes and up to half again as much damage against particularly
   susceptible opponents.
   It affects your intelligence (+2).
   It affects your dexterity (+2).
   It greatly protects you from fire.
   It makes you vulnerable to cold.
Armour
 i - a +0 helmet (worn)
 r - a +0 cloak (worn)
 s - the +7 chain mail "Tofotop" (worn) {-Tele Regen+ MP+9 Str+3}
   (You found it on level 4 of the Dungeon)

   It affects your strength (+3).
   It affects your magic capacity (+9).
   It prevents most forms of teleportation.
   It increases your rate of regeneration.
 y - a +0 buckler
Jewellery
 a - a cursed -4 ring of slaying (left hand)
 n - an amulet of guardian spirit (around neck)
 q - a +6 ring of strength (right hand)
Wands
 p - a wand of polymorph (8)
 v - a wand of random effects (38)
 z - a wand of iceblast (1)
 A - a wand of flame (12)
Scrolls
 b - 4 scrolls of teleportation
 m - 3 scrolls of identify
 u - 2 scrolls of blinking
 x - 2 scrolls of amnesia
 B - 3 scrolls of remove curse
Potions
 d - 4 potions of flight
 e - 2 potions of curing
 g - 2 potions of magic
 h - 5 potions of haste
 j - a potion of stabbing {unknown}
 k - 7 potions of might
 l - 2 potions of degeneration
 t - 2 potions of brilliance
 w - a potion of lignification {unknown}
Comestibles
 c - 13 rations


   Skills:
 + Level 9.2 Fighting
 * Level 14.2 Short Blades
 - Level 1.5 Armour
 + Level 9.7 Dodging


You had 10 spell levels left.
You didn't know any spells.
Your spell library was empty.

Dungeon Overview and Level Annotations

Branches:
Dungeon (8/15)             Temple (0/1) D:6
   Lair: D:8-11

Altars:
Ashenzari
Cheibriados
Fedhas
Gozag
Kikubaaqudgha
Makhleb
The Shining One

Shops:
D:4 [

Annotations:
D:5 exclusion: oklob plant
D:8 Psyche


Innate Abilities, Weirdness & Mutations

You are small and have problems with some larger weapons.
You are carnivorous and can eat meat at any time.
[You often lose your temper in combat.]
[Armour fits poorly on your strangely shaped body.]
[You are very dopey. (Int -4)]
[You sometimes yell uncontrollably at your foes.]
[You are very weak. (Str -4)]


Message History

Why would you want to do that? Why would you want to do that?
The wretched star glows turbulently.
The lance of force misses you.
The wretched star glows turbulently.
The lance of force hits you!!
* * * LOW HITPOINT WARNING * * *
You are knocked back by the lance of force.
You violently stop moving!
* * * LOW HITPOINT WARNING * * *
You feel very buoyant.
You fly up into the air.
The wretched star pulses with an eldritch light!
You feel a little pissed off.
You feel angry.
The wretched star glows turbulently.
The lance of force misses you.
The chaos spawn gives a loud, deep croak!
The wretched star glows turbulently.
The lance of force hits you!!
You die...

.#... #....#... ..
≈###. ..#.. #..... ..
≈≈≈#≈###... #..#...#.
≈≈≈≈#.....# ### . .....
..........###.#..# ....
≈.≈≈≈≈.≈#≈##..#... ....
.#≈.≈≈≈.≈#≈..#. .. .##.
.≈.≈≈≈≈≈≈≈≈≈##..... ...
#≈≈∩≈≈@*≈≈.#..#... .#.
#≈.≈.≈.≈.≈.≈.#.........
≈.≈≈≈.≈≈≈4≈≈#.###..#.#.
.≈#≈≈≈≈≈≈≈≈≈### ###..#
..≈.≈≈≈.≈.≈.# ..
....#≈.≈#≈≈≈≈≈
#.#...#...≈≈≈≈≈
.....##...≈≈≈#.# ...
####≈#≈#.#


You could see a wretched star and a chaos spawn.

Vanquished Creatures
  Harold (D:7)
  A two-headed ogre (D:8)
  Joseph (D:8)
  Eustachio (D:4)
  A hungry ghost (D:8)
  Menkaure (D:4)
  Edmund (D:6)
  3 ice beasts
  4 orc warriors
  A necrophage (D:8)
  2 sky beasts (D:8)
  A phantom (D:7)
  4 ogres
  Blork the orc (D:6)
  5 bullfrogs
  A wyvern zombie (D:7)
  6 scorpions
  A howler monkey (D:4)
  3 crimson imps
  4 bullfrog zombies
  A centaur zombie (D:7)
  7 hounds
  A jelly (D:5)
  4 orc priests
  Crazy Yiuf (D:2)
  Ijyb (D:4)
  An iguana (D:6)
  10 orc wizards
  5 worker ants
  A hound skeleton (D:7)
  10 adders
  2 shadow imps
  An ooze (D:2)
  2 adder skeletons
  3 worms
  3 dart slugs
  5 leopard geckos
  15 orcs
  4 bats
  7 giant cockroaches
  3 goblins
  8 hobgoblins
  4 jackals (D:1)
  3 quokkas
  2 frilled lizards (D:4)
  A giant cockroach zombie (D:6)
  5 kobolds
  A leopard gecko skeleton (D:6)
  A leopard gecko zombie (D:5)
  4 quokka skeletons
  3 rats
162 creatures vanquished.

Notes
Turn   | Place    | Note
-------+----------+-------------------------------------------
     0 | D:1      | Infinimo the Kobold Berserker began the quest for the Orb.
     0 | D:1      | Reached XP level 1. HP: 14/14 MP: 1/1
    87 | D:1      | Reached XP level 2. HP: 7/19 MP: 2/2
  1040 | D:2      | Reached XP level 3. HP: 23/23 MP: 3/3
  1148 | D:2      | Reached skill level 5 in Short Blades
  1470 | D:2      | Reached XP level 4. HP: 29/29 MP: 4/4
  1508 | D:2      | Found a glowing golden altar of the Shining One.
  1966 | D:2      | Found an ancient bone altar of Kikubaaqudgha.
  2093 | D:2      | Found a runed translucent door.
  2094 | D:2      | Noticed Crazy Yiuf
  2107 | D:2      | Killed Crazy Yiuf
  2319 | D:3      | Reached XP level 5. HP: 33/33 MP: 5/5
  3275 | D:4      | Reached skill level 6 in Short Blades
  3529 | D:4      | You fall into a shaft and drop 3 floors!
  3530 | D:7      | Noticed a phantom
  3812 | D:7      | Found a shattered altar of Ashenzari.
  3817 | D:6      | Noticed an ogre
  3821 | D:6      | Killed an ogre
  3821 | D:6      | Reached XP level 6. HP: 39/39 MP: 6/6
  3906 | D:6      | Reached ** piety under Trog
  3921 | D:6      | Reached skill level 7 in Short Blades
  3971 | D:6      | Noticed an orc warrior
  3982 | D:6      | Killed an orc warrior
  3982 | D:6      | Reached XP level 7. HP: 5/44 MP: 0/7
  3992 | D:6      | Reached skill level 5 in Fighting
  3999 | D:6      | HP: 2/44 [orc wizard/+4 dagger of flaming (1)]
  4296 | D:6      | Reached skill level 8 in Short Blades
  4296 | D:6      | Reached skill level 5 in Dodging
  4887 | D:6      | Found a staircase to the Ecumenical Temple.
  4975 | D:6      | Reached XP level 8. HP: 29/50 MP: 5/8
  4998 | D:6      | Reached skill level 9 in Short Blades
  5223 | D:6      | Found a snail-covered altar of Cheibriados.
  5244 | D:6      | Noticed Edmund
  5268 | D:6      | Killed Edmund
  5337 | D:5      | Entered Level 5 of the Dungeon
  5646 | D:5      | Reached skill level 10 in Short Blades
  5977 | D:5      | Reached XP level 9. HP: 56/56 MP: 9/9
  6020 | D:4      | Noticed Eustachio
  6071 | D:4      | Killed Eustachio
  6071 | D:4      | Reached *** piety under Trog
  6099 | D:4      | Noticed Menkaure
  6103 | D:4      | Noticed Ijyb
  6113 | D:4      | Killed Menkaure
  6113 | D:4      | Reached skill level 11 in Short Blades
  6117 | D:4      | Killed Ijyb
  6137 | D:4      | Found Suoliska's Antique Armour Shop.
  6272 | D:4      | Bought a shiny ring mail for 196 gold pieces
  6381 | D:4      | Got a crystal dagger
  6382 | D:4      | Identified the +7 dagger of the Visionary {flame, rF++ rC-
                  | Int+2 Dex+2} (You found it on level 4 of the Dungeon)
  7189 | D:5      | Found an opulent altar of Gozag.
  7418 | D:5      | Found a blossoming altar of Fedhas.
  7436 | D:5      | Noticed an oklob plant
  7738 | D:4      | Got an ichor-stained chain mail
  7749 | D:4      | Identified the +7 chain mail "Tofotop" {-Tele Regen+ MP+9
                  | Str+3} (You found it on level 4 of the Dungeon)
  7970 | D:6      | Noticed Blork the orc
  7983 | D:6      | Killed Blork the orc
  8575 | D:7      | Reached skill level 12 in Short Blades
  8707 | D:7      | Reached XP level 10. HP: 62/64 MP: 10/10
  8725 | D:7      | Reached **** piety under Trog
  9024 | D:8      | Noticed Harold
  9040 | D:7      | Killed Harold
  9040 | D:7      | Reached skill level 13 in Short Blades
  9242 | D:8      | Noticed Joseph
  9262 | D:8      | Killed Joseph
  9302 | D:8      | Noticed a two-headed ogre
  9341 | D:8      | Killed a two-headed ogre
  9341 | D:8      | Reached skill level 14 in Short Blades
  9501 | D:8      | Reached XP level 11. HP: 71/71 MP: 11/11
  9603 | D:8      | Found a burning altar of Makhleb.
  9626 | D:8      | Noticed Psyche
  9642 | D:8      | Cast into level 2 of the Abyss (Psyche)
  9647 | Abyss:2  | Noticed a wretched star
  9656 | Abyss:2  | HP: 1/71 [some deep water collision (11)]
  9660 | Abyss:2  | Killed from afar by a wretched star

Illustrated notes

Levels and vault maps discovered:
D:1:      dpeg_arrival_signposts, layout_basic
D:2:      layout_rooms, lemuel_round_altar, lemuel_doored_altar,
          uniq_crazy_yiuf_cottage
D:3:      layout_loops_corners
D:4:      layout_basic, serial_shops, shop, uniq_menkaure, uniq_eustachio,
          uniq_ijyb
D:5:      layout_loops_ring, tgw_fedhas, first_ration, serial_bayou_ford_a,
          chequers_serial_rivers_micro_e, grunt_gozag_breadcrumbs
D:6:      layout_loops_corners, old_standard_altar,
          minmay_temple_entry_junction, kennysheep_generic_room_9,
          uniq_blork_the_orc, uniq_edmund
D:7:      layout_loops_cross, cheibrodos_ashenzari_chains
D:8:      layout_gridville, bloody_makhleb, serial_glass, glass_columns_c,
          glass_columns_a, item_on_display_a, item_on_display_b, the_bakery,
          kennysheep_generic_room_13, uniq_harold, uniq_psyche, uniq_joseph
Abyss:2:  base: D:3, evilmike_abyss_exit_6

Skill      XL: |  1  2  3  4  5  6  7  8  9 10 |
---------------+-------------------------------+-----
Dodging        | 3 4 5 6 8 9 |  9.7
Short Blades   | 5 6 7 8 10 12 14 | 14.2
Fighting       | 4 5 6 7 9 |  9.2
Armour         | |  1.5

Action                   |  1- 3 |  4- 6 |  7- 9 | 10-12 || total
-------------------------+-------+-------+-------+-------++-------
Melee: Short sword       |    87 |   195 |    17 |       ||   299
       Dagger            |       |       |   375 |   225 ||   600
Invok: Berserk           |     2 |     4 |     5 |     5 ||    16
  Use: Scroll            |       |     5 |    10 |     2 ||    17
       Potion            |       |       |     1 |     1 ||     2
 Stab: Sleeping          |     1 |     3 |       |       ||     4
  Eat: Chunk             |    10 |     9 |    24 |    13 ||    56
Armor: Animal skin       |     8 |    17 |    10 |       ||    35
       Chain mail        |       |       |    20 |    48 ||    68
       Ring mail         |       |       |     7 |       ||     7
Dodge: Dodged            |    54 |   112 |   149 |    87 ||   402
